 Dungeon Crawl Stone Soup version 0.29.1-4-g47bece8355 (webtiles) character file.

Game seed: 18293396452276389007

352 KittyFluff the Cudgeller (level 6, -7/38 HPs)
             Began as a Gargoyle Berserker on Dec 3, 2022.
             Was a Believer of Trog.
             Killed by divine providence
             ... invoked by an orc priest
              (11 damage)
             ... on level 5 of the Dungeon.
             The game lasted 00:20:19 (3402 turns).

KittyFluff the Cudgeller (Gargoyle Berserker)       Turns: 3402, Time: 00:20:20

Health: -7/38      AC:  8    Str: 21    XL:     6   Next: 61%
Magic:  6/6        EV: 11    Int:  7    God:    Trog [**....]
Gold:   157        SH:  0    Dex: 11    Spells: 5/5 levels left

rFire   . . .      SeeInvis .   n - +0 sling
rCold   . . .      Faith    .   u - +0 buckler
rNeg    + . .      Spirit   .   b - +0 animal skin
rPois   ∞          Reflect  .   s - +0 helmet
rElec   +          Harm     .   (no cloak)
rCorr   .          Rampage  .   (no gloves)
Will    .....                   l - +0 pair of boots
Stlth   +.........              (no amulet)
HPRegen 0.12/turn               (no ring)
MPRegen 0.10/turn               (no ring)

@: confused
A: sickness immunity, AC +4, negative energy resistance 1, electricity
resistance, torment resistance 1, petrification resistance
a: Renounce Religion, Berserk, Trog's Hand


You were on level 5 of the Dungeon.
You worshipped Trog.
Trog was pleased with you.
You visited 1 branch of the dungeon, and saw 5 of its levels.

You collected 157 gold pieces.

Inventory:

Hand Weapons
 a - a +0 mace
 m - a +3 whip of flaming
 n - a +0 sling (weapon)
Missiles
 d - 48 stones
 q - a throwing net
Armour
 b - a +0 animal skin (worn)
 l - a +0 pair of boots (worn)
 r - an orb of mayhem
 s - a +0 helmet (worn)
 u - a +0 buckler (worn)
 x - a +0 leather armour
Wands
 D - a wand of mindburst (14)
Scrolls
 i - a scroll of torment {unknown}
 k - 3 scrolls of poison {unknown}
 o - 2 scrolls of vulnerability {unknown}
 p - a scroll of magic mapping {unknown}
 t - 2 scrolls of teleportation {unknown}
 v - 2 scrolls of fear {unknown}
 y - a scroll of brand weapon {unknown}
 z - 2 scrolls of enchant weapon {unknown}
 C - a scroll of blinking {unknown}
Potions
 e - a potion of berserk rage
 g - a potion of might
 h - 3 potions of curing {unknown}
 w - 2 potions of lignification {unknown}
 A - 2 potions of flight {unknown}
 B - a potion of magic {unknown}


   Skills:
 + Level 4.0 Fighting
 + Level 4.5 Maces & Flails
 + Level 3.2 Ranged Weapons
 * Level 2.9 Armour
 + Level 2.1 Dodging
 + Level 1.1 Stealth
 * Level 2.1 Shields


You had 5 spell levels left.
You didn't know any spells.
Your spell library contained the following spells:

 Spells                   Type           Power      Damage    Failure   Level
 Sandblast                Erth           0%         2d4       52%         1
 Passwall                 Tmut/Erth      0%         N/A       67%         2
 Stone Arrow              Conj/Erth      0%         3d7       88%         3


Dungeon Overview and Level Annotations

Branches:
Dungeon (5/15)
 Temple: D:4-7

Altars:

Shops:
D:1 !   D:4 *


Innate Abilities, Weirdness & Mutations

You are immune to sickness and miasma.
Your stone body is resilient. (AC +4)
You are immune to poison.
You resist negative energy. (rN+)
You are resistant to electric shocks. (rElec)
You are resistant to unholy torment.
You are immune to petrification.


Message History

You are already wielding that!
The orc wizard hits you with a +0 dagger of speed.
* * * LOW HITPOINT WARNING * * *
You are too confused!
The orc wizard hits you but does no damage.
The orc wizard hits you with a +0 dagger of speed.
* * * LOW HITPOINT WARNING * * *
You bump into the rock wall.
The orc wizard hits you with a +0 dagger of speed.
* * * LOW HITPOINT WARNING * * *
The orc priest barely misses you.
The orc priest casts a cantrip, but nothing happens.
The orc wizard barely misses you.
You miss the orc wizard. The orc priest barely misses you.
The orc wizard misses you. The orc wizard casts a spell at you.
The magic dart hits you but does no damage.
The orc priest barely misses you.
You clumsily bash the orc wizard but do no damage.
The orc wizard misses you. The orc wizard barely misses you.
The orc priest hits you but does no damage.
The orc wizard casts a spell.
The orc wizard flickers and vanishes!
Deactivating autopickup; reactivate with Ctrl-A.
You're too confused to move!
The orc priest hits you but does no damage.
The orc wizard barely misses you. Something hits you but does no damage.
Something barely misses you.
You barely miss something.
You feel less confused.
The orc wizard hits you with a +0 dagger.
* * * LOW HITPOINT WARNING * * *
Something hits you but does no damage.
You hear some strange, mumbled words.
You are confused.
The orc priest closely misses you.
The orc wizard hits you but does no damage.
The orc priest invokes the aid of Beogh against you.
Beogh smites you!
You die...

$.. ..# #... #.#
<...####.# .........#
.........# .).....!.#
.........+
#......oo################
##.....{@o..............<
#.......################
#.......# #.......#
#..[....# #........#
.........# #########


You could see 2 orc priests and an orc wizard.

Vanquished Creatures
  Menkaure (D:4)
  A scorpion (D:4)
  An iguana (D:4)
  3 gnolls (D:4)
  6 adders
  An ufetubus (D:5)
  A dart slug (D:2)
  5 orcs
  3 bats
  9 endoplasms
  3 giant cockroaches
  4 goblins
  5 hobgoblins
  4 jackals (D:2)
  2 quokkas
  3 ball pythons
  4 frilled lizards
  9 kobolds
  6 rats
71 creatures vanquished.

Notes
Turn   | Place    | Note
-------+----------+-------------------------------------------
     0 | D:1      | KittyFluff the Gargoyle Berserker began the quest for the
                  | Orb.
     0 | D:1      | Reached XP level 1. HP: 14/14 MP: 1/1
   101 | D:1      | Found Toagaxomn's Distillery.
   342 | D:1      | Reached XP level 2. HP: 6/19 MP: 2/2
   566 | D:1      | Found a faded altar of an unknown god.
  1174 | D:2      | Reached ** piety under Trog
  1175 | D:2      | Reached XP level 3. HP: 19/23 MP: 3/3
  1780 | D:3      | Reached XP level 4. HP: 29/29 MP: 4/4
  2036 | D:3      | Reached skill level 1 in Ranged Weapons
  2162 | D:4      | Found Gues's Assorted Antiques.
  2225 | D:4      | Reached skill level 1 in Shields
  2225 | D:4      | Reached XP level 5. HP: 19/33 MP: 5/5
  2851 | D:4      | Noticed Menkaure
  2866 | D:4      | Killed Menkaure
  2867 | D:4      | Reached skill level 1 in Stealth
  2867 | D:4      | Reached XP level 6. HP: 38/38 MP: 6/6
  3358 | D:5      | Entered Level 5 of the Dungeon
  3402 | D:5      | Killed from afar by an orc priest

Illustrated notes

Levels and vault maps discovered:
D:1:      dpeg_chamrin_arrival_tetris, layout_basic, serial_shops, shop,
          shapermc_ecumenical_altar_venn, minmay_tetromino_s4
D:2:      layout_basic
D:3:      layout_rooms
D:4:      layout_basic, serial_shops, nicolae_stop_n_shop_1, uniq_menkaure
D:5:      layout_basic, minmay_temple_entry_enclosed_plants,
          kennysheep_cross_room, kennysheep_generic_room_11, uniq_sigmund,
          uniq_pikel

Skill      XL: |  1  2  3  4  5  6 |
---------------+-------------------+-----
Maces & Flails | 4 |  4.5
Dodging        | 2 |  2.1
Ranged Weapons | 1 2 3 |  3.2
Shields        | 1 2 |  2.1
Fighting       | 4 |  4.0
Stealth        | 1 |  1.1
Armour         | |  2.9

Action                   |  1- 3 |  4- 6 || total
-------------------------+-------+-------++-------
Melee: Mace              |    52 |       ||    52
       Punch             |     1 |       ||     1
       Whip              |    51 |    63 ||   114
       Sling             |       |     3 ||     3
 Fire: Sling             |    12 |    57 ||    69
Invok: Berserk           |       |     2 ||     2
  Use: Scroll            |       |     4 ||     4
Armor: Animal skin       |    42 |    21 ||    63
Dodge: Dodged            |    72 |    41 ||   113
Block: Buckler           |     1 |    16 ||    17
